 Dungeon Crawl Stone Soup version 0.27.1-3-gb3d3a73c9e (webtiles) character file.

Game seed: 14388517447070271214

1677 jlumianski the Cleaver (level 8, -6/73 HPs)
             Began as a Deep Dwarf Fighter on Oct 8, 2021.
             Was an Initiate of Makhleb.
             Mangled by a two-headed ogre (27 damage)
             ... on level 7 of the Dungeon.
             The game lasted 00:25:19 (4954 turns).

jlumianski the Cleaver (Deep Dwarf Fighter)         Turns: 4954, Time: 00:25:19

Health: -6/73      AC: 14    Str: 23    XL:     8   Next: 70%
Magic:  5/5        EV:  8    Int:  8    God:    Makhleb [......]
Gold:   421        SH: 10    Dex: 12    Spells: 7/7 levels left

rFire    . . .     SeeInvis .   a - +1 war axe (chaos)
rCold    + . .     Faith    .   c - +0 kite shield
rNeg     . . .     Spirit   .   n - +2 scale mail {rC+}
rPois    .         Reflect  .   (no helmet)
rElec    .         Harm     .   m - +1 cloak
rCorr    .         Rampage  .   k - +1 pair of gloves
Will     +....                  (no boots)
Stlth    ..........             (no amulet)
HPRegen  0.00/turn              (no ring)
MPRegen  0.09/turn              (no ring)

@: no status effects
A: damage resistance, heal wounds, sense surroundings 1, no regeneration
a: Heal Wounds, Renounce Religion


You were on level 7 of the Dungeon.
You worshipped Makhleb.
Makhleb was noncommittal.
You visited 1 branch of the dungeon, and saw 7 of its levels.

You collected 421 gold pieces.

Inventory:

Hand Weapons
 a - a +1 war axe of chaos (weapon)
 f - a +0 hunting sling
 p - a +0 hunting sling
Missiles
 h - 319 stones (quivered)
 l - 53 sling bullets
 o - 63 bolts
 x - 10 poisoned darts
Armour
 b - a +0 scale mail
 c - a +0 kite shield (worn)
 k - a +1 pair of gloves (worn)
 m - a +1 cloak (worn)
 n - a +2 scale mail of cold resistance (worn)
Magical Staves
 u - a staff of poison
Wands
 t - a wand of flame (18)
 v - a wand of iceblast (10)
Scrolls
 e - a scroll of teleportation
Potions
 d - 3 potions of might
 g - 4 potions of cancellation
 i - a potion of mutation {unknown}
 j - 2 potions of curing
 q - 4 potions of flight
 r - a potion of invisibility
 s - a potion of resistance
 w - 3 potions of brilliance
 z - 2 potions of attraction


   Skills:
 + Level 4.6 Fighting
 + Level 8.0 Axes
 + Level 3.6 Slings
 + Level 5.8 Armour
 + Level 1.9 Dodging
 + Level 0.3 Stealth
 + Level 5.8 Shields


You had 7 spell levels left.
You didn't know any spells.
Your spell library contained the following spells:

 Spells                   Type           Power      Damage    Failure   Level
 Magic Dart               Conj           0%         1d3       98%         1
 Pain                     Necr           0%         1d4       98%         1
 Call Imp                 Summ           0%         N/A       99%         2
 Slow                     Hex            0%         N/A       99%         2
 Confusing Touch          Hex            0%         N/A       100%        3
 Mephitic Cloud           Conj/Pois/Air  0%         N/A       100%        3
 Stone Arrow              Conj/Erth      0%         3d7       100%        3
 Vampiric Draining        Necr           0%         2d6       100%        3
 Animate Armour           Summ/Erth      0%         N/A       100%        4
 Agony                    Necr           0%         N/A       100%        5
 Excruciating Wounds      Necr           0%         N/A       100%        5
 Lehudib's Crystal Spear  Conj/Erth      0%         10d2      100%        8


Dungeon Overview and Level Annotations

Branches:
Dungeon (7/15)
 Temple: D:4-7

Altars:
Dithmenos
Fedhas
Gozag
Makhleb
Nemelex Xobeh
Vehumet
Wu Jian
Xom
Yredelemnul

Annotations:
D:4 1 runed translucent door, Crazy Yiuf


Innate Abilities, Weirdness & Mutations

You are resistant to damage.
You can heal yourself by infusing magical energy.
You passively map a small area around you.
You do not regenerate.


Message History

The two-headed ogre hits you with a +0 giant club.
You block the two-headed ogre's attack.
You slash the two-headed ogre!
The two-headed ogre is poisoned.
The two-headed ogre is heavily wounded.
The two-headed ogre barely misses you.
The two-headed ogre hits you with a +0 giant club.
The two-headed ogre hits you with a +0 giant club!
* * * LOW HITPOINT WARNING * * *
You block the two-headed ogre's attack.
You feel much better.
The two-headed ogre hits you with a +0 giant club! x2
* * * LOW HITPOINT WARNING * * *
Okay, then.
Unknown command.
Unknown command.
Unknown command.
You fail to use your ability.
The two-headed ogre hits you with a +0 giant club!
* * * LOW HITPOINT WARNING * * *
The two-headed ogre hits you but does no damage.
Okay, then.
Unknown command.
You feel much better.
The two-headed ogre hits you with a +0 giant club.
The two-headed ogre barely misses you.
As you read the scroll of teleportation, it crumbles to dust.
You feel strangely unstable. You block the two-headed ogre's attack.
The two-headed ogre hits you with a +0 giant club!
The two-headed ogre hits you with a +0 giant club!
* * * LOW HITPOINT WARNING * * *
You block the two-headed ogre's attack.
Your surroundings seem slightly different.
Aiming: Iceblast
Press: ? - help, Shift-Dir - straight line, f - two-headed ogre
Aim: a two-headed ogre, wielding two +0 giant clubs (heavily wounded, fast, poisoned)
The mass of ice explodes!
The iceblast engulfs the two-headed ogre!
The two-headed ogre is severely wounded.
The two-headed ogre hits you with a +0 giant club!!
You die...

# #.# # ** #.#.#
###.# #., #.#.###
....#
#..,*#.##.#...#
.######
#...,#>....##.#
........
.....########.###
########
................#
##
..#..##.#####.#.#
.# * *
#.......###.#.#
.#
#....@OS..#.#.# ,
,, ,
####..#.#.#.#.# ,
,, ,
.......#.#.#.#
####.####.#.#.#
,, ,...,,,..#.#.#
#### ,#..#, ,,
...# * * .#.## *
.#.*


You could see a two-headed ogre (fast, poisoned) and a water moccasin.

Vanquished Creatures
  Grinder (D:4)
  A wyvern (D:5)
  Menkaure (D:3)
  2 ice beasts
  2 ogres
  A centaur (D:6)
  A kobold brigand (D:6)
  2 water moccasin skeletons
  A howler monkey (D:6)
  A lava snake (D:7)
  5 hounds
  2 jellies
  A bullfrog skeleton (D:7)
  Ijyb (D:4)
  2 iguanas
  A hound skeleton (D:5)
  7 gnolls
  A howler monkey zombie (D:4)
  4 adders
  A shadow imp (D:6)
  An ufetubus (D:4)
  2 worms (D:2)
  3 dart slugs
  9 orcs
  A bat (D:2)
  6 endoplasms
  3 giant cockroaches
  7 hobgoblins
  11 jackals
  29 kobolds
  5 quokkas
  10 ball pythons
  2 frilled lizards
  8 goblins
  A rat (D:2)
136 creatures vanquished.

Vanquished Creatures (others)
  65 plants
65 creatures vanquished.

Grand Total: 201 creatures vanquished

Notes
Turn   | Place    | Note
-------+----------+-------------------------------------------
     0 | D:1      | jlumianski the Deep Dwarf Fighter began the quest for the
                  | Orb.
     0 | D:1      | Reached XP level 1. HP: 20/20 MP: 1/1
   159 | D:1      | Reached XP level 2. HP: 27/27 MP: 2/2
   300 | D:1      | Found a faded altar of an unknown god.
   720 | D:2      | Reached XP level 3. HP: 29/33 MP: 2/2
   981 | D:2      | Reached skill level 3 in Axes
  1494 | D:3      | Reached XP level 4. HP: 42/42 MP: 3/3
  1662 | D:3      | Found a radiant altar of Vehumet.
  1960 | D:4      | Noticed Ijyb
  2002 | D:4      | Killed Ijyb
  2075 | D:4      | Reached skill level 4 in Axes
  2083 | D:4      | Reached skill level 1 in Dodging
  2083 | D:4      | Reached XP level 5. HP: 44/49 MP: 4/4
  2134 | D:4      | Found a shimmering altar of Xom.
  2394 | D:4      | Found a runed translucent door.
  2395 | D:4      | Noticed Crazy Yiuf
  2502 | D:4      | Noticed Grinder
  2521 | D:4      | Killed Grinder
  2522 | D:4      | Reached skill level 5 in Axes
  2522 | D:4      | Reached skill level 1 in Slings
  2522 | D:4      | Reached XP level 6. HP: 40/57 MP: 5/5
  2559 | D:4      | Noticed Menkaure
  2584 | D:3      | Killed Menkaure
  2585 | D:3      | Reached XP level 7. HP: 24/63 MP: 5/5
  2771 | D:5      | Entered Level 5 of the Dungeon
  2785 | D:4      | Reached skill level 5 in Shields
  2937 | D:5      | Reached skill level 6 in Axes
  3154 | D:5      | Noticed a wyvern
  3161 | D:5      | Killed a wyvern
  3306 | D:5      | Reached XP level 8. HP: 23/72 MP: 6/6
  3475 | D:6      | Reached skill level 5 in Armour
  3481 | D:6      | Reached skill level 7 in Axes
  3496 | D:6      | Found a sparkling altar of Nemelex Xobeh.
  3611 | D:6      | Found a blossoming altar of Fedhas.
  3679 | D:6      | Found a shadowy altar of Dithmenos.
  4002 | D:6      | Found a basalt altar of Yredelemnul.
  4160 | D:6      | Found an opulent altar of Gozag.
  4639 | D:7      | Found an ornate altar of the Wu Jian Council.
  4672 | D:7      | Found a burning altar of Makhleb.
  4688 | D:7      | Reached skill level 8 in Axes
  4696 | D:7      | Became a worshipper of Makhleb the Destroyer
  4938 | D:7      | Noticed a two-headed ogre
  4954 | D:7      | Mangled by a two-headed ogre

Illustrated notes

Levels and vault maps discovered:
D:1:      amcnicky_arrival_double_pillar, layout_rooms,
          shapermc_ecumenical_altar_starsandcircs
D:2:      layout_loops_cross, lemuel_old_faithful
D:3:      layout_rooms, mainiacjoe_overflow_chevrons
D:4:      layout_basic, mainiacjoe_overflow_boulevard,
          minmay_misc_feat_secret_circle, uniq_crazy_yiuf_cottage, uniq_grinder,
          uniq_menkaure, uniq_ijyb
D:5:      layout_basic, hex_large
D:6:      kennysheep_kobold_camp, layout_rooms, old_standard_altar,
          mainiacjoe_overflow_surrounded_room, lemuel_tele_altar,
          fedhas_bush_and_centaur_altar, lemuel_coloured_pillars_altar,
          minmay_misc_feat_cross, grunt_decor_cap
D:7:      layout_basic, mainiacjoe_overflow_catch_the_wave,
          mainiacjoe_overflow_alcove_2, minmay_temple_entry_poolview

Skill      XL: |  1  2  3  4  5  6  7  8 |
---------------+-------------------------+-----
Axes           | 3 4 5 6 8 |  8.0
Fighting       | 3 4 |  4.6
Shields        | 4 5 |  5.8
Dodging        | 1 |  1.9
Slings         | 1 3 |  3.6
Armour         | 4 5 |  5.8
Stealth        | |  0.3

Action                   |  1- 3 |  4- 6 |  7- 9 || total
-------------------------+-------+-------+-------++-------
Melee: War axe           |   112 |   100 |   143 ||   355
 Fire: Hunting sling     |       |    19 |    16 ||    35
 Abil: Heal Wounds       |     2 |     2 |     8 ||    12
Evoke: Wand              |       |       |     1 ||     1
  Use: Scroll            |     7 |     1 |    12 ||    20
       Potion            |       |     1 |       ||     1
Armor: Scale mail        |    59 |    68 |    65 ||   192
Dodge: Dodged            |    33 |    39 |    47 ||   119
Block: Kite shield       |    67 |    65 |    90 ||   222
